 Dungeon Crawl Stone Soup version 0.30-a0-4-ga7cffc901d (webtiles) character file.

Game seed: 9237377199806151705

21823 Pooter the Cleaver (level 12, 0/162 HPs)
             Began as a Minotaur Berserker on Aug 21, 2022.
             Was a Priest of Trog.
             Slain by a wolf spider (1 damage)
             ... on level 3 of the Lair of Beasts.
             The game lasted 01:15:51 (16684 turns).

Pooter the Cleaver (Minotaur Berserker)            Turns: 16684, Time: 01:15:51

Health: 0/162      AC: 16    Str: 25    XL:     12   Next: 57%
Magic:  11/11      EV: 11    Int:  6    God:    Trog [***...]
Gold:   544        SH:  0    Dex: 16    Spells: 11/11 levels left

rFire   + . .      SeeInvis .    a - +4 battleaxe (vorpal)
rCold   . . .      Faith    .    (shield currently unavailable)
rNeg    . . .      Spirit   .    w - +5 plate armour {rF+}
rPois   .          Reflect  .    (helmet restricted)
rElec   .          Harm     .    (no cloak)
rCorr   .          Rampage  .    (no gloves)
Will    .....                    (no boots)
Stlth   ..........               (no amulet)
HPRegen 0.37/turn                c - +4 ring of evasion
MPRegen 0.12/turn                x - +6 ring of dexterity

@: berserking, lethally poisoned (0 -> -28), very quick
A: horns 2, retaliatory headbutt
a: Renounce Religion, Berserk, Trog's Hand


You were on level 3 of the Lair of Beasts.
You worshipped Trog.
Trog was most pleased with you.
You visited 2 branches of the dungeon, and saw 14 of its levels.

You collected 841 gold pieces.
You spent 297 gold pieces at shops.

Inventory:

Hand Weapons
 a - a +4 vorpal battleaxe (weapon)
   (You took it off a wight on level 10 of the Dungeon)
 b - a +0 arbalest
   (You took it off an orc warrior on level 8 of the Dungeon)
 s - a +0 war axe
   (You found it on level 3 of the Dungeon)
 v - a +5 trident
   (You took it off a wight on level 6 of the Dungeon)
 z - a +0 sling
   (You took it off an orc priest on level 5 of the Dungeon)
 B - a +5 rapier
   (You found it on level 8 of the Dungeon)
 M - the +8 mace of Ignis {holy, rElec rF- Will+ Stlth+}
   (You found it on level 4 of the Dungeon)

   It has been blessed by the Shining One to cause great damage to the undead
   and demons.
   rF:        It makes you vulnerable to fire.
   rElec:     It insulates you from electricity.
   Will:      It increases your willpower.
   Stlth:     It makes you more stealthy.
Missiles
 e - 14 poisoned darts
 l - 12 boomerangs (quivered)
 y - 9 javelins
 C - 5 datura-tipped darts
 E - 5 curare-tipped darts
 L - 2 throwing nets {!f}
 Q - 137 stones
Armour
 w - a +5 plate armour of fire resistance (worn)
   (You took it off an orc warrior on level 8 of the Dungeon)
Jewellery
 c - a +4 ring of evasion (left hand)
   (You found it on level 1 of the Dungeon)
 x - a +6 ring of dexterity (right hand)
   (You found it on level 5 of the Dungeon)
 N - a ring of positive energy
   (You found it on level 2 of the Lair of Beasts)
Wands
 f - a wand of flame (5)
   (You found it on level 7 of the Dungeon)
 i - a wand of mindburst (9)
   (You found it on level 2 of the Lair of Beasts)
 u - a wand of paralysis (7)
   (You found it on level 10 of the Dungeon)
 D - a wand of digging (8)
   (You found it on level 1 of the Lair of Beasts)
 J - a wand of quicksilver (9)
   (You took it off an orc on level 8 of the Dungeon)
 K - a wand of roots (8)
   (You found it on level 1 of the Lair of Beasts)
Scrolls
 k - a scroll of immolation {!r}
 o - 2 scrolls of noise {!r}
 t - 8 scrolls of teleportation {@r4}
 O - 2 scrolls of magic mapping {unknown}
 R - a scroll of blinking
Potions
 d - 4 potions of mutation {unknown}
 g - 6 potions of might
 h - 2 potions of brilliance {unknown}
 j - 2 potions of berserk rage {unknown}
 m - 5 potions of curing {@q1}
 n - 2 potions of magic {unknown}
 p - 4 potions of cancellation {unknown}
 q - a potion of ambrosia {unknown}
 r - 4 potions of heal wounds {@q2}
 A - 4 potions of haste {@q3}
 F - 3 potions of flight {unknown}
 G - a potion of attraction {unknown}
 H - a potion of degeneration {unknown}
 I - 2 potions of lignification {unknown}
Miscellaneous
 P - a lightning rod (4/4) {!a}
   (You found it on level 1 of the Lair of Beasts)


   Skills:
 + Level 10.9 Fighting
 * Level 14.8 Axes
 * Level 12.8 Ranged Weapons
 + Level 4.3 Throwing
 - Level 2.4 Armour
 - Level 2.1 Dodging
 - Level 2.3 Stealth
 + Level 7.3 Evocations


You had 11 spell levels left.
You didn't know any spells.
Your spell library was empty.

Dungeon Overview and Level Annotations

Branches:
Dungeon (10/15)            Temple (0/1) D:7            Lair (4/5) D:8
  Swamp (0/4) Lair:2       Spider (0/4) Lair:3
  Slime: Lair:4-5       Orc: D:9-12

Altars:
Cheibriados
Dithmenos
Hepliaklqana
Okawaru
Sif Muna
Uskayaw
Yredelemnul
The Shining One

Shops:
D:3 ?(

Annotations:
Lair:1 3 runed translucent doors, Ruacs's ghost, novice DjFE; Sobieck's ghost, journeyman OgTm; Tollund's ghost, journeyman FoFi; drpainis's ghost, novice SpEn


Innate Abilities, Weirdness & Mutations

You have a pair of horns on your head.
You reflexively headbutt those who attack you in melee.


Message History

The wolf spider is healed somewhat.
The wolf spider hits you.
The wolf spider bites you but does no damage.
The culicivora bites you.
The culicivora draws strength from your injuries!
You closely miss the wolf spider. You slash the wolf spider!
You closely miss the culicivora.
You feel sick. The wolf spider completely misses you.
The wolf spider bites you but does no damage.
The wolf spider hits you! The wolf spider bites you.
You are more poisoned.
The wolf spider poisons you!
You hit the wolf spider. Your headbutt misses the wolf spider.
You miss the culicivora. You slice the wolf spider!!
You kill the wolf spider!
Trog accepts your kill.
You feel extremely sick. The wolf spider hits you.
The wolf spider closely misses you. The culicivora bites you!
* * * LOW HITPOINT WARNING * * *
The culicivora draws strength from your injuries!
You barely miss the wolf spider. You slice the culicivora!!
You slash the culicivora!
You feel extremely sick. The wolf spider barely misses you.
The wolf spider bites you but does no damage.
The culicivora bites you!
* * * LOW HITPOINT WARNING * * *
The culicivora draws strength from your injuries!
The culicivora closely misses you.
You slice the wolf spider!! You closely miss the culicivora. x2
You feel very sick. The wolf spider hits you.
* * * LOW HITPOINT WARNING * * *
The wolf spider bites you.
* * * LOW HITPOINT WARNING * * *
The culicivora bites you!!
* * * LOW HITPOINT WARNING * * *
The culicivora draws strength from your injuries!
The culicivora bites you!
* * * LOW HITPOINT WARNING * * *
The culicivora draws strength from your injuries!
You slice the culicivora!!
You feel the power of Trog in you as your rage grows.
You kill the culicivora!
Trog accepts your kill.
You slash the wolf spider! You closely miss the culicivora.
* * * LOW HITPOINT WARNING * * *
You feel very sick. The wolf spider hits you.
You die...

#...... .. ##..>
#...... #.#. ^.^..
#.##.### ... #..^.^
## ### #..
#^†.^^###
#..##^.^..##.###
#### #.......
#....###..# #...s†#
##......... #.s@#
#P..P##.##. #...##
#P.######P.
##...#####...## ##.
#.####P..#..#...#.#
#.
.................##
#.
#.#.####.###.##.##
#. # #.####.#.# #.
##..# ###.# #.
#P.## #.# #.


You could see a wolf spider and a culicivora.

Vanquished Creatures
  Harold (Lair:1)
  A hydra (Lair:2)
  A centaur warrior (D:7)
  2 two-headed ogres
  Erica (Lair:1)
  2 death yaks (Lair:3)
  Nergalle (Lair:1)
  A wolf spider (Lair:3)
  2 black mambas
  2 torpor snails
  4 cane toads
  A rime drake (Lair:1)
  3 komodo dragons
  A kobold demonologist (D:9)
  2 trolls (D:9)
  A polar bear (Lair:1)
  Grinder (D:6)
  A hornet (D:7)
  3 blink frogs (Lair:3)
  2 culicivoras (Lair:3)
  A shadow (D:7)
  25 yaks
  A steam dragon (D:6)
  Eustachio (D:5)
  A basilisk (Lair:2)
  4 vampire mosquitoes (D:10)
  3 wargs (D:8)
  10 water moccasins
  4 orc warriors
  Duvessa (D:6)
  2 sky beasts
  4 ice beasts
  3 black bears (D:7)
  3 ogres
  2 centaurs (D:9)
  A phantom (D:7)
  2 kobold brigands
  A bullfrog (Lair:4)
  4 scorpions
  4 necrophages
  14 wights
  A killer bee (D:7)
  4 howler monkeys
  5 electric eels
  5 jellies
  8 orc priests
  3 gnoll boudas
  3 hounds
  Natasha (twice) (D:2)
  5 iguanas
  6 orc wizards
  4 gnolls
  7 adders
  2 shadow imps
  5 white imps
  2 ufetubi
  4 worms
  2 dart slugs
  48 orcs
  2 ball pythons
  7 endoplasms
  A giant cockroach (D:4)
  8 goblins
  8 hobgoblins
  4 quokkas
  10 bats
  4 frilled lizards
  14 kobolds
  9 rats
307 creatures vanquished.

Vanquished Creatures (others)
  2 orcs (D:8)
  5 fungi (Lair:3)
  14 plants
21 creatures vanquished.

Grand Total: 328 creatures vanquished

Notes
Turn   | Place    | Note
-------+----------+-------------------------------------------
     0 | D:1      | Pooter the Minotaur Berserker began the quest for the Orb.
     0 | D:1      | Reached XP level 1. HP: 19/19 MP: 0/0
   219 | D:1      | Reached skill level 4 in Axes
   226 | D:1      | Reached XP level 2. HP: 8/27 MP: 1/1
   766 | D:1      | Reached skill level 1 in Stealth
   831 | D:1      | Found a faded altar of an unknown god.
   878 | D:1      | Reached XP level 3. HP: 29/33 MP: 2/2
  1188 | D:1      | You fall into a shaft and drop 1 floor!
  1513 | D:1      | Reached ** piety under Trog
  2042 | D:2      | Noticed Natasha
  2045 | D:2      | Killed Natasha
  2046 | D:2      | Reached XP level 4. HP: 40/40 MP: 3/3
  2122 | D:2      | Found an iron altar of Okawaru.
  2159 | D:2      | Noticed Natasha
  2166 | D:2      | Killed Natasha
  2167 | D:2      | Reached skill level 5 in Axes
  2463 | D:3      | Reached skill level 1 in Throwing
  2750 | D:3      | Found Inefer's Weapon Shop.
  2776 | D:3      | Bought a +0 shortbow for 39 gold pieces
  2852 | D:3      | Reached XP level 5. HP: 45/47 MP: 4/4
  2876 | D:3      | Found a hazy altar of Hepliaklqana.
  2963 | D:3      | Found Cuniq's Magic Scroll Shop.
  2967 | D:3      | Bought a scroll of identify for 22 gold pieces
  2967 | D:3      | Bought a scroll of teleportation for 33 gold pieces
  2967 | D:3      | Bought a scroll of butterflies for 44 gold pieces
  2967 | D:3      | Bought 2 scrolls of identify for 44 gold pieces
  3152 | D:4      | Identified the +8 mace of Ignis {holy, rElec rF- Will+
                  | Stlth+}
  3160 | D:4      | Noticed an ogre
  3167 | D:4      | Killed an ogre
  3168 | D:4      | Reached skill level 1 in Ranged Weapons
  3567 | D:4      | Reached XP level 6. HP: 53/53 MP: 5/5
  3688 | D:4      | Found a glowing golden altar of the Shining One.
  3830 | D:5      | Entered Level 5 of the Dungeon
  3869 | D:5      | Reached skill level 6 in Axes
  4099 | D:5      | Found a shadowy altar of Dithmenos.
  4128 | D:5      | Found a snail-covered altar of Cheibriados.
  4252 | D:5      | Reached skill level 5 in Fighting
  4476 | D:5      | Noticed Eustachio
  4499 | D:5      | Killed Eustachio
  4500 | D:5      | Reached skill level 1 in Evocations
  4500 | D:5      | Reached XP level 7. HP: 61/61 MP: 6/6
  4989 | D:6      | Noticed Grinder
  4995 | D:6      | Killed Grinder
  4996 | D:6      | Reached skill level 7 in Axes
  5151 | D:6      | Reached XP level 8. HP: 70/70 MP: 7/7
  5669 | D:6      | Reached skill level 5 in Ranged Weapons
  6042 | D:6      | Reached skill level 8 in Axes
  6267 | D:6      | Noticed Dowan
  6280 | D:6      | Noticed Dowan
  6280 | D:6      | Dowan changed into Dowan the jelly
  6282 | D:6      | Noticed Duvessa
  6288 | D:6      | Killed Dowan the jelly
  6290 | D:6      | Killed Duvessa
  6515 | D:7      | Found a staircase to the Ecumenical Temple.
  6638 | D:7      | Reached XP level 9. HP: 71/78 MP: 8/8
  6864 | D:7      | Reached skill level 9 in Axes
  7313 | D:7      | Reached skill level 10 in Axes
  7359 | D:7      | Found a shimmering blue altar of Sif Muna.
  7755 | D:7      | Reached XP level 10. HP: 88/88 MP: 9/9
  7852 | D:7      | Noticed a centaur warrior
  7863 | D:7      | Killed a centaur warrior
  8197 | D:8      | Reached skill level 11 in Axes
  8510 | D:8      | Found a staircase to the Lair.
  8578 | D:8      | Noticed a two-headed ogre
  8585 | D:8      | Killed a two-headed ogre
  8586 | D:8      | Reached skill level 5 in Evocations
  9187 | D:8      | Reached *** piety under Trog
  9786 | D:9      | Reached skill level 12 in Axes
  9896 | D:9      | Reached XP level 11. HP: 68/97 MP: 10/10
 10228 | D:9      | Reached skill level 10 in Ranged Weapons
 10842 | D:10     | Entered Level 10 of the Dungeon
 11138 | D:10     | Found a basalt altar of Yredelemnul.
 11252 | D:10     | Noticed a two-headed ogre
 11258 | D:10     | Killed a two-headed ogre
 11646 | D:10     | Found a hide-covered altar of Uskayaw.
 11969 | Lair:1   | Entered Level 1 of the Lair of Beasts
 11977 | Lair:1   | Reached skill level 13 in Axes
 12189 | Lair:1   | Noticed Harold
 12205 | Lair:1   | Killed Harold
 12422 | Lair:1   | Found a runed translucent gate.
 12422 | Lair:1   | Found a runed translucent gate.
 12424 | Lair:1   | Found a runed translucent gate.
 12424 | Lair:1   | Noticed Tollund's ghost (journeyman FoFi)
 12424 | Lair:1   | Noticed Ruacs's ghost (novice DjFE)
 12425 | Lair:1   | Noticed Sobieck's ghost (journeyman OgTm)
 12425 | Lair:1   | Noticed drpainis's ghost (novice SpEn)
 12443 | Lair:1   | Noticed Nergalle
 12450 | Lair:1   | Killed Nergalle
 12694 | D:3      | Bought a scroll of teleportation for 33 gold pieces
 12694 | D:3      | Bought a scroll of enchant armour for 82 gold pieces
 12807 | Lair:1   | Noticed Erica
 12815 | Lair:1   | Killed Erica
 12816 | Lair:1   | Reached skill level 10 in Fighting
 13580 | Lair:1   | Reached XP level 12. HP: 106/106 MP: 11/11
 14051 | Lair:2   | Reached skill level 14 in Axes
 14343 | Lair:2   | You fall into a shaft and drop 2 floors!
 15092 | Lair:2   | Noticed a seven-headed hydra
 15102 | Lair:2   | Killed a seven-headed hydra
 15396 | Lair:2   | Found a staircase to the Swamp.
 15794 | Lair:3   | Noticed a death yak
 15812 | Lair:3   | Killed a death yak
 16330 | Lair:3   | Noticed a death yak
 16348 | Lair:3   | Killed a death yak
 16671 | Lair:3   | Found a hole to the Spider Nest.
 16683 | Lair:3   | HP: 6/162 [culicivora (7)]
 16684 | Lair:3   | HP: 1/162 [poisoned by a wolf spider]
 16684 | Lair:3   | Slain by a wolf spider

Illustrated notes

Levels and vault maps discovered:
D:1:      mrwooster_arrival_arrow, layout_basic,
          ebering_ecumenical_altar_sacrificial, amcnicky_mini_corridor_feature,
          grunt_decor_cap
D:2:      layout_basic, basic_altar, uniq_natasha
D:3:      layout_basic, mainiacjoe_overflow_alcove_4, serial_shops,
          nicolae_shop_advertising_works [nicolae_subvault_shop_adworks], shop
D:4:      layout_rooms, tso_altar, roderic_batcave, minmay_crystal_water
D:5:      layout_loops_ring, mainiacjoe_overflow_catwalk_spiral,
          serial_park_tiny_1, corexii_leaking_fountain, uniq_eustachio
D:6:      layout_basic, uniq_duvessa, uniq_grinder
D:7:      nzn_winding_woodlands_medium [nzn_winding_woodlands_5x5_three,
          nzn_winding_woodlands_5x15_parted,
          nzn_winding_woodlands_5x5_perimeter,
          nzn_winding_woodlands_5x5_open_star,
          nzn_winding_woodlands_center_lodge,
          nzn_winding_woodlands_5x5_checkerboard,
          nzn_winding_woodlands_5x5_cross,
          nzn_winding_woodlands_5x15_split_checker,
          nzn_winding_woodlands_5x5_closed_star], layout_basic, led_sif_pool,
          minmay_temple_entry_drinking_statues
D:8:      layout_rooms, erik_lair_orcish_takeover, special_room
          [special_room_orc], nicolae_straight_to_the_point
D:9:      layout_irregular_city
D:10:     layout_irregular_city, nicolae_overflow_squiral
Lair:1:   layout_roguey, gammafunk_ghost_cemetery, uniq_harold, uniq_nergalle,
          uniq_erica
Lair:2:   layout_regular_city, minmay_swamp_entry_reptiles, serial_bayou,
          serial_bayou_crossing, serial_bayou_pond_e, serial_bayou_lake_a,
          serial_bayou_lagoon_a
Lair:3:   layout_small_grid, spider_nest_entry_funnel_web,
          portal_ice_cave_entry_imps, grunt_megastairs_5
Lair:4:   layout_cave_shapes, slime_entry_1

Skill      XL: |  1  2  3  4  5  6  7  8  9 10 11 12 |
---------------+-------------------------------------+-----
Axes           | 4 5 6 7 8 10 12 13 14 | 14.8
Fighting       | 4 5 6 7 9 10 | 10.9
Stealth        | 1 2 |  2.3
Throwing       | 1 2 3 4 |  4.3
Ranged Weapons | 1 3 4 6 8 9 11 12 | 12.8
Evocations     | 1 3 4 5 6 7 |  7.3
Armour         | |  2.4
Dodging        | |  2.1

Action                   |  1- 3 |  4- 6 |  7- 9 | 10-12 || total
-------------------------+-------+-------+-------+-------++-------
Melee: Hand axe          |    40 |       |       |       ||    40
       Headbutt          |     7 |    12 |    28 |    49 ||    96
       Flail             |    16 |       |       |       ||    16
       Battleaxe         |       |    77 |   134 |   273 ||   484
       Mace              |       |       |     4 |     8 ||    12
 Fire: Shortbow          |       |    45 |    81 |    29 ||   155
       Arbalest          |       |       |       |    75 ||    75
Throw: Boomerang         |       |     5 |     7 |    24 ||    36
       Dart              |       |       |       |     8 ||     8
Invok: Berserk           |     2 |     4 |    11 |    11 ||    28
       Trog's Hand       |       |     2 |     7 |    17 ||    26
Evoke: Wand              |       |     1 |     8 |    14 ||    23
  Use: Scroll            |     2 |     3 |     4 |    13 ||    22
       Potion            |       |       |       |     2 ||     2
 Stab: Sleeping          |     1 |       |       |       ||     1
       Paralysed         |       |       |     2 |     2 ||     4
Armor: Animal skin       |     4 |       |       |       ||     4
       Ring mail         |     1 |     9 |       |       ||    10
       Chain mail        |       |    24 |       |       ||    24
       Plate armour      |       |       |    87 |   156 ||   243
Dodge: Dodged            |    50 |    81 |    98 |   198 ||   427

Table legend: (Time is in decaauts)
 A = Elapsed time spent in this place.
 B = Non-inter-level travel time spent in this place.
 C = Inter-level travel time spent in this place.
 D = Time resting spent in this place.
 E = Time spent auto-exploring this place.
 F = Levels seen in this place.
 G = Mean time per level.
                   A        B        C        D        E       F      G
               +--------+--------+--------+--------+--------+-----+--------+
         Total |  17137 |  16471 |    666 |   5466 |   8150 |  14 | 1224.1 |
       Dungeon |  12531 |  11960 |    571 |   3649 |   5971 |  10 | 1253.1 |
          Lair |   4606 |   4511 |     95 |   1817 |   2178 |   4 | 1151.5 |
               +--------+--------+--------+--------+--------+-----+--------+

Top non-repeatable levels by time:
  Lair:1: 1698 daAuts
     D:7: 1598 daAuts
     D:8: 1574 daAuts
     D:5: 1568 daAuts
  Lair:2: 1518 daAuts
     D:1: 1518 daAuts
     D:6: 1456 daAuts
     D:9: 1248 daAuts
    D:10: 1090 daAuts
  Lair:3: 1005 daAuts
     D:2: 962 daAuts
     D:4: 785 daAuts
     D:3: 728 daAuts
  Lair:4: 384 daAuts
